Map: 2000 Atmospheres LE

Players

Quantel

  • Race: Protoss Protoss

Seither - Winner!

  • Race: Terran Terran

Event: DreamHack SC2 Masters 2021 Winter

VOD

Have the link to the VOD?

Description

Time

  • Played on: Sept. 29, 2021, 4:20 a.m.
  • Length: 12:00

All games in this series

Show
View Real Time Build Order
Export as new Build Order

Quantel Protoss 

Build Orders: 1 Gate Expand, Blink Stalkers, Chargelot Immortal 

Get SALT Encoding   

  12  0:00  Probe  
  13  0:12  Probe  
  14  0:17  Pylon  
  14  0:24  Probe (Chrono Boost)  
  15  0:36  Probe (Chrono Boost)  
  15  0:39  Gateway  
  16  0:45  Assimilator, Probe (Chrono Boost)  
  17  0:52  Probe  
  18  1:04  Probe  
  19  1:16  Probe  
  20  1:22  Nexus  
  20  1:31  Cybernetics Core  
  20  1:34  Probe  
  20  1:39  Assimilator  
  21  1:46  Probe  
  21  1:50  Pylon  
  21  2:01  Probe  
  22  2:05  Adept (Chrono Boost)  
  22  2:08  Warp Gate  
  24  2:13  Probe  
  25  2:25  Probe (Chrono Boost)  
  25  2:27  Twilight Council  
  26  2:31  Stalker  
  26  2:35  Probe (Chrono Boost)  
  29  2:43  Probe (Chrono Boost)  
  31  2:45  Probe (Chrono Boost)  
  31  2:49  Probe (Chrono Boost)  
  31  2:50  Probe (Chrono Boost)  
  33  3:01  Probe  
  33  3:04  Robotics Facility  
  34  3:05  Blink (Chrono Boost)  
  34  3:06  Gateway  
  34  3:07  Probe  
  35  3:13  Probe  
  35  3:19  Probe  
  37  3:25  Probe  
  38  3:30  Gateway  
  38  3:31  Probe  
  39  3:37  Probe  
  40  3:43  Probe  
  40  3:46  Assimilator  
  41  3:48  Warp Prism (Chrono Boost)  
  41  3:49  Probe, Pylon  
  44  3:55  Probe  
  44  3:59  Pylon  
  44  4:02  Probe  
  46  4:07  Stalker x2  
  46  4:09  Probe  
  51  4:14  Probe  
  51  4:15  Pylon  
  52  4:18  Observer  
  52  4:21  Probe  
  52  4:23  Shield Battery  
  54  4:25  Stalker  
  56  4:33  Stalker x2  
  56  4:36  Probe  
  55  4:44  Probe  
  53  4:48  Probe  
  53  4:51  Stalker  
  56  4:56  Probe  
  57  5:00  Probe  
  57  5:06  Pylon x2  
  58  5:09  Probe  
  59  5:14  Probe  
  59  5:21  Stalker  
  62  5:24  Stalker x2  
  62  5:27  Observer  
  66  5:39  Probe  
  66  5:40  Probe  
  66  5:41  Nexus  
  68  5:49  Stalker x2  
  70  5:50  Stalker  
  70  5:53  Probe  
  73  6:03  Probe  
  73  6:04  Observer  
  72  6:05  Gateway  
  72  6:06  Gateway  
  72  6:07  Charge  
  70  6:16  Stalker  
  70  6:17  Stalker, Probe  
  70  6:18  Probe  
  76  6:27  Pylon  
  76  6:29  Probe  
  76  6:30  Probe  
  76  6:32  Pylon  
  76  6:44  Probe  
  76  6:45  Stalker x3  
  76  6:46  Probe  
  74  6:53  Gateway  
  74  6:56  Probe  
  74  6:58  Probe  
  68  7:03  Stalker x2  
  68  7:04  Probe  
  73  7:08  Probe  
  73  7:09  Gateway  
  73  7:10  Gateway  
  73  7:13  Stalker  
  76  7:15  Stalker  
  76  7:18  Stalker  
  76  7:39  Probe x2  
  76  7:42  Templar Archives  
  76  7:43  Immortal (Chrono Boost), Forge  
  78  7:46  Probe  
  78  7:48  Pylon  
  78  7:49  Pylon  
  83  7:52  Shield Battery  
  83  7:54  Zealot  
  83  7:55  Zealot x3  
  86  8:09  Probe (Chrono Boost)  
  86  8:10  Probe (Chrono Boost)  
  86  8:12  Observer (Chrono Boost), Probe (Chrono Boost)  
  86  8:15  Stalker x5  
  92  8:21  Probe (Chrono Boost)  
  92  8:27  Immortal (Chrono Boost)  
  93  8:30  Probe (Chrono Boost)  
  93  8:33  Pylon  
  98  8:34  Pylon  
  98  8:43  Zealot x2  
  98  8:44  Zealot x2  
  98  8:47  Probe x2  
  106  8:57  Zealot, High Templar x2  
  106  8:58  Zealot  
  106  8:59  Immortal (Chrono Boost), Probe  
  115  9:03  Archon  
  103  9:13  Zealot x4  
  93  9:23  Stalker x2  
  87  9:29  Immortal (Chrono Boost), Zealot x2  
  82  9:50  Zealot x6, Assimilator  
  82  9:52  Assimilator  
  92  9:56  Shield Battery  
  92  9:58  Protoss Ground Weapons Level 1 (Chrono Boost)  
  92  10:03  High Templar x2  
  96  10:09  Archon  
  96  10:13  Zealot x3  
  96  10:14  Zealot x2  
  102  10:20  Zealot  
  74  10:29  Gateway  
  74  10:30  Gateway  
  62  10:36  High Templar x2  
  62  10:37  Zealot x4  
  62  10:41  Probe  
  62  10:42  Archon, Probe x2  
  77  10:43  Zealot  
  77  10:48  Zealot  
  69  10:59  Zealot x2  
  69  11:00  Zealot x2  
  71  11:04  Immortal (Chrono Boost)  
  71  11:09  Stalker  
  71  11:19  High Templar x2  
  71  11:20  Zealot  
  71  11:21  Zealot x2  
  71  11:23  Archon  
  75  11:25  Zealot  
  75  11:30  Zealot  
Show
View Real Time Build Order
Export as new Build Order

Seither Terran - Winner!

Build Orders:  

Get SALT Encoding   

  12  0:00  SCV  
  13  0:12  SCV  
  14  0:17  Supply Depot  
  14  0:24  SCV  
  15  0:39  SCV  
  15  0:40  Barracks  
  16  0:44  Refinery  
  16  0:51  SCV  
  17  1:03  SCV  
  18  1:15  SCV  
  19  1:27  Marine  
  19  1:28  Orbital Command  
  20  1:42  Command Center  
  20  1:53  Factory  
  20  1:57  SCV  
  21  2:04  Barracks Reactor  
  21  2:08  Supply Depot  
  21  2:10  SCV  
  22  2:16  Bunker  
  22  2:23  SCV  
  23  2:35  SCV  
  23  2:36  Hellion  
  26  2:40  Starport  
  26  2:42  Marine  
  26  2:43  Marine  
  28  2:47  SCV  
  29  2:54  Orbital Command  
  29  2:59  Marine  
  29  3:01  Marine  
  29  3:05  SCV  
  32  3:08  Hellion  
  32  3:11  Refinery  
  34  3:17  SCV  
  35  3:21  Medivac, Marine  
  35  3:22  Marine  
  35  3:25  SCV  
  40  3:32  Supply Depot  
  40  3:34  Hellion  
  40  3:39  SCV x2  
  44  3:43  Refinery  
  44  3:44  Marine x2  
  46  3:51  Starport Tech Lab  
  46  3:53  SCV x2  
  48  4:02  Supply Depot  
  48  4:04  Factory Tech Lab, Marine x2  
  48  4:06  SCV x2  
  52  4:11  Raven  
  54  4:24  SCV x2, Marine x2  
  58  4:28  Engineering Bay  
  58  4:31  Supply Depot  
  58  4:35  Siege Tank  
  61  4:43  SCV x2  
  61  4:44  Marine x2  
  59  4:57  SCV  
  59  4:58  SCV  
  59  4:59  Supply Depot  
  52  5:02  Marine x2, Barracks  
  52  5:06  Barracks  
  54  5:08  Bunker  
  54  5:09  Bunker  
  54  5:13  Siege Tank  
  57  5:16  SCV  
  57  5:17  SCV  
  57  5:21  Banshee  
  62  5:24  Marine  
  62  5:25  Marine  
  64  5:28  Terran Infantry Weapons Level 1  
  63  5:42  Marine x2  
  61  5:46  SCV x2  
  61  5:48  Siege Tank  
  66  5:54  Bunker  
  66  5:58  SCV x2  
  66  6:02  Bunker  
  66  6:03  Marine x3  
  66  6:04  Banshee  
  73  6:10  SCV  
  73  6:11  SCV  
  75  6:13  Bunker  
  75  6:17  Barracks Tech Lab  
  75  6:23  SCV x2  
  77  6:28  Supply Depot  
  77  6:29  Supply Depot  
  77  6:30  Marine  
  77  6:31  Barracks Tech Lab  
  78  6:38  SCV, Refinery, Marine  
  78  6:40  Siege Tank  
  78  6:42  SCV  
  77  6:53  SCV  
  78  6:55  SCV  
  78  6:58  Marine x2  
  78  7:03  Marauder, Stimpack, Combat Shield  
  78  7:04  Marauder  
  78  7:05  SCV  
  78  7:07  SCV  
  84  7:11  Starport Reactor  
  84  7:14  Supply Depot  
  84  7:16  Marine x2  
  84  7:20  Command Center  
  86  7:23  Siege Tank  
  86  7:24  Supply Depot  
  86  7:26  Marauder x2  
  86  7:28  SCV  
  93  7:42  Marine x2  
  93  7:43  Terran Infantry Armor Level 1  
  94  7:44  SCV  
  94  7:45  SCV  
  94  7:47  Marauder, Supply Depot  
  98  7:52  Marauder  
  98  7:55  Siege Tank, Barracks  
  98  7:57  Barracks  
  103  8:03  SCV x2  
  103  8:04  Marine x2  
  107  8:06  Medivac  
  107  8:09  Medivac  
  111  8:15  SCV  
  111  8:16  SCV  
  111  8:18  Supply Depot  
  113  8:22  Marauder x2  
  113  8:23  Supply Depot  
  117  8:29  Marine  
  117  8:31  Marine  
  117  8:32  Siege Tank  
  122  8:40  Medivac x2  
  126  8:42  Marine  
  126  8:43  Marauder  
  126  8:44  Marauder  
  126  8:47  Marine  
  129  8:53  Marine x2  
  127  9:00  SCV x2  
  118  9:04  Siege Tank, Marine  
  118  9:05  Marauder x2, Marine  
  97  9:17  Marine  
  97  9:18  SCV x2  
  87  9:26  Marauder x2  
  91  9:32  Marine  
  93  9:40  Barracks Reactor  
  93  9:41  Barracks Tech Lab  
  93  9:44  Orbital Command  
  93  9:45  SCV x2  
  94  9:46  Marine  
  94  9:48  Marauder x2  
  99  9:54  Siege Tank  
  99  9:57  SCV  
  99  9:58  SCV  
  104  10:01  Medivac  
  104  10:06  Marine  
  104  10:07  Marine  
  107  10:09  Marauder x2  
  107  10:10  SCV x2  
  112  10:20  Marine  
  112  10:21  Marauder, Marine  
  104  10:25  Liberator  
  104  10:26  Siege Tank  
  104  10:28  SCV x2  
  109  10:30  Marauder  
  105  10:37  Marauder, Marine  
  105  10:38  SCV  
  105  10:40  SCV  
  105  10:42  Marauder  
  110  10:51  Concussive Shells  
  110  10:52  Marauder, Marine x2  
  110  10:53  SCV x2  
  114  10:58  Marauder  
  114  10:59  Marine x2  
  114  11:01  Siege Tank  
  114  11:04  Marauder  
  118  11:11  Liberator  
  118  11:13  Marauder, SCV x2  
  118  11:18  SCV, Refinery  
  125  11:19  Ghost Academy  
  125  11:20  Marauder, Refinery  
  125  11:21  Supply Depot, Marine x2  
  125  11:25  Marauder, SCV x2  
  131  11:27  Marine x2  
  131  11:30  SCV  
  132  11:34  Marine  
  132  11:37  SCV  
  132  11:39  Marine  

Tags
 
Add a new tag
Caveats
  • Supply blocks, unpowered buildings, or Contaminate may cause inaccurate times.
  • Supply counts are checked every 10 seconds.